 Dungeon Crawl Stone Soup version 0.31-a0-219-g8d62b2e7bb (webtiles) character file.

Game seed: 12506728528428943882

22 experimilk the Conjurer (level 2, 20/20 HPs)
             Began as a Draconian Conjurer on July 3, 2023.
             Quit the game on level 1 of the Dungeon on July 4, 2023.
             The game lasted 00:01:15 (1353 turns).

experimilk the Conjurer (Draconian Conjurer)        Turns: 1353, Time: 00:01:16

Health: 20/20      AC:  5    Str:  9    XL:     2   Next: 68%
Magic:  5/5        EV: 12    Int: 18    God:
Gold:   23         SH:  0    Dex:  9    Spells: 4/5 levels left

rFire   . . .        c - +0 spear
rCold   . . .        (no shield)
rNeg    . . .        (body armour unavailable)
rPois   .            (helmet restricted)
rElec   .            (no cloak)
rCorr   .            (no gloves)
SInv    .            e - +0 pair of boots
Will    .....        (no amulet)
Stlth   ++           (no ring)
HPRegen 0.23/turn    (no ring)
MPRegen 0.09/turn

%: no passive effects
@: no status effects
A: AC +4, unfitting armour, cold-blooded
a: no special abilities


You were on level 1 of the Dungeon.
You visited 1 branch of the dungeon, and saw 1 of its levels.

You collected 23 gold pieces.

Inventory:

Hand Weapons
 c - a +0 spear (weapon)
Armour
 e - a +0 pair of boots (worn)
Jewellery
 l - a ring of willpower
Scrolls
 d - a scroll of enchant weapon {unknown}
 j - a scroll of silence {unknown}
 m - a scroll of brand weapon {unknown}
 n - a scroll of amnesia {unknown}
Potions
 a - a potion of magic
 b - a potion of berserk rage {unknown}
 f - a potion of lignification {unknown}
 g - a potion of degeneration {unknown}
 h - a potion of curing {unknown}
 i - a potion of enlightenment {unknown}
 k - 2 potions of brilliance {unknown}


   Skills:
 - Level 1.7 Dodging
 - Level 1.7 Stealth
 - Level 2.0 Spellcasting
 * Level 4.8 Conjurations


You had 4 spell levels left.
You knew the following spells:

 Your Spells              Type           Power      Damage    Failure   Level
a - Magic Dart            Conj           76%        1d6       2%          1

Your spell library contained the following spells:

 Spells                   Type           Power      Damage    Failure   Level
 Searing Ray              Conj           38%        2d5       3%          2
 Foxfire                  Conj/Fire      40%        2x1d6     7%          1
 Dazzling Flash           Conj/Hex       20%        N/A       21%         3
 Ensorcelled Hibernation  Hex/Ice        2%         N/A       26%         2
 Passwall                 Tmut/Erth      0%         N/A       26%         2
 Swiftness                Air            1%         N/A       47%         3
 Fulminant Prism          Conj/Hex       5%         3d7       54%         4
 Iskenderun's Mystic Bla  Conj/Tloc      10%        2d4       54%         4
 Fireball                 Conj/Fire      5%         3d5       88%         5
 Plasma Beam              Fire/Air       0%         2x1d10    100%        6
 Starburst                Conj/Fire      5%         6d4       100%        6


Dungeon Overview and Level Annotations

Branches:
Dungeon (1/15)

Altars:


Innate Abilities, Weirdness & Mutations

Your plain brown scales are hard. (AC +4)
You cannot fit into any form of body armour.
You are cold-blooded and may be slowed by cold attacks.


Message History

There is an open door here.
There is an open door here.
You open the door.
There is an open door here.
l - a ring of willpower
Found a robe.
m - a scroll labelled ELIOCER FUXT A frilled lizard comes into view.
The frilled lizard hisses angrily.
A frilled lizard is nearby!
The magic dart hits the frilled lizard.
You kill the frilled lizard!
You can't see any susceptible monsters within range! (Use Z to cast anyway.)
Found a spear.
You see here a +0 robe.
n - a scroll labelled GIYM PEAKLEMY Partly explored, can't reach some items.
Partly explored, can't reach some items.
Partly explored, can't reach some items.
Partly explored, can't reach some items.
Partly explored, can't reach some items.
Partly explored, can't reach some items.
You can't see any susceptible monsters within range! (Use Z to cast anyway.) Partly explored, can't reach some items.
Partly explored, can't reach some items.
No target in view!
No target in view!
No target in view!
No target in view!
Partly explored, can't reach some items.
No target in view!
You open the door.
There is an open door here.
Partly explored, can't reach some items.
Partly explored, can't reach some items.
There is an open door here.
There is a stone staircase leading down here.
Welcome back, experimilk the Draconian Conjurer.
Press ? for a list of commands and other information.
Are you sure you want to abandon this character and quit the game? (Confirm with "yes".)

....# #.##.#######.# ###.#
#.#.......##.# .##.#
#....####.##.# ######## ###.#
#.#....##.##.# #....... #.#
#.........##.####.###### .##.#
#....#............# .#..#
#....####......#### P####
#.........#...## ##.....@..##.##
###.#######.# #.# #.# #.# ##'##
###### #.# ##...## .....# ###.#
##.....## ###### ..##.# ##.#.#
##.......###....#
..##.#####.[..###.........#.....#
........[.................'.#...#


There were no monsters in sight!

Vanquished Creatures
  A dart slug (D:1)
  A ball python (D:1)
  5 giant cockroaches (D:1)
  A goblin (D:1)
  2 hobgoblins (D:1)
  A kobold (D:1)
  2 quokkas (D:1)
  A frilled lizard (D:1)
  3 rats (D:1)
17 creatures vanquished.

Notes
Turn   | Place    | Note
-------+----------+-------------------------------------------
     0 | D:1      | experimilk the Draconian Conjurer began the quest for the
                  | Orb.
     0 | D:1      | Reached XP level 1. HP: 14/14 MP: 3/3
   502 | D:1      | Reached XP level 2. HP: 20/20 MP: 1/5
  1353 | D:1      | Quit the game

Illustrated notes

Levels and vault maps discovered:
D:1:      grunt_arrival_lava_bath, layout_loops_corners, serial_aquarium,
          aquarium_bridge_long_joined [aquarium_subvault_window,
          aquarium_subvault_bridge, aquarium_subvault_window,
          aquarium_subvault_bridge, aquarium_subvault_balcony,
          aquarium_subvault_window], aquarium_bridge_square
          [aquarium_subvault_bridge, aquarium_subvault_wall,
          aquarium_subvault_bridge, aquarium_subvault_bridge],
          aquarium_window_2, aquarium_window_fake, aquarium_window_fake,
          aquarium_window_2, aquarium_view_2d, aquarium_balcony_5b,
          aquarium_pool_2

Action                     || total
---------------------------++-------
  Melee: Unarmed           ||    31
         Tailslap          ||     3
         Spear             ||     8
   Cast: Magic Dart        ||    36
 Armour: Skin              ||    17
  Dodge: Dodged            ||    25

Table legend: (Time is in decaauts)
 A = Elapsed time spent in this place.
 B = Non-inter-level travel time spent in this place.
 C = Inter-level travel time spent in this place.
 D = Time resting spent in this place.
 E = Time spent auto-exploring this place.
 F = Levels seen in this place.
 G = Mean time per level.
                   A        B        C        D        E       F      G
               +--------+--------+--------+--------+--------+-----+--------+
         Total |   1353 |   1341 |     12 |    135 |   1066 |   1 | 1353.0 |
       Dungeon |   1353 |   1341 |     12 |    135 |   1066 |   1 | 1353.0 |
               +--------+--------+--------+--------+--------+-----+--------+

Top non-repeatable levels by time:
     D:1: 1353 daAuts
